cohdb
Replays
Latest Replays
All Replays
Popular Replays
Top Player Replays
Match Explorer
How It Works
Community
CoH3 Stats
Reddit
Sign in to upload your games and track your stats! →
Sign in with Steam
Match 41532131
Unlisted
Match 41532131
Overview
Messages
Build Orders
End
Construct Infanterie Kompanie
Kettenkrad Recon Vehicle
Selects Terror Battlegroup
Selects Machine Gun Camouflage
MG 42 Machine Gun Team
Selects Contempt for the Weak
Grenadier Squad
Construct Panzergrenadier Kompanie
Pioneer Squad
Panzergrenadier Squad
Panzergrenadier Squad
Forward Retreat Point
Pak 40 Anti-tank Gun Team
251 Medium Carrier
Construct Panzer Kompanie
Selects Jericho Trumpet
Selects Propaganda Leaflet Drop
Pak 40 Anti-tank Gun Team
Propaganda Leaflet Drop
Panzer IV Medium Tank
Eisenhammer
Mythless
Keonis
Kuma
STALKER4732
SoyaLors
ezh
Devochkin
0
0
Comments
sign in to comment!
No comments posted yet!